Map: Scythe of Amon

Players

wasp

  • Race: Protoss Protoss
  • Spawn Location: 5:00

NamroodTuo

  • Race: Terran Terran
  • Spawn Location: 5:00

VOD

Have the link to the VOD?

Description

Time

  • Played on: Jan. 27, 2023, 4:10 p.m.
  • Length: 26:49
Show
View Real Time Build Order
Export as new Build Order

wasp Protoss 

Build Orders:  

Get SALT Encoding   

  12  0:18  Assimilator  
  12  0:25  Assimilator  
  12  0:26  Probe (Chrono Boost)  
  13  1:01  Probe (Chrono Boost)  
  14  1:13  Pylon  
  14  1:15  Probe (Chrono Boost)  
  14  1:19  Pylon  
  15  1:28  Probe (Chrono Boost)  
  16  1:34  Gateway  
  16  1:42  Probe (Chrono Boost)  
  17  1:56  Probe (Chrono Boost)  
  18  2:05  Gateway  
  18  2:41  Zealot  
  20  3:15  Forge  
  20  3:32  Pylon, Zealot x2  
  24  3:51  Gateway  
  24  4:11  Gateway  
  24  5:00  Zealot  
  24  5:01  Zealot  
  24  5:02  Zealot  
  30  5:56  Zealot x2  
  30  5:57  Zealot x4  
  30  5:58  Zealot x3  
  48  6:13  Pylon  
  48  6:31  Photon Cannon  
  48  6:42  Photon Cannon  
  48  6:46  Probe (Chrono Boost)  
  49  7:00  Probe (Chrono Boost)  
  50  7:13  Probe (Chrono Boost)  
  51  7:27  Probe (Chrono Boost)  
  52  7:41  Probe (Chrono Boost), Zealot  
  52  7:48  Zealot  
  57  7:54  Probe (Chrono Boost)  
  57  7:55  Zealot  
  60  8:08  Probe (Chrono Boost)  
  61  8:21  Probe (Chrono Boost)  
  62  8:31  Photon Cannon  
  62  8:33  Photon Cannon  
  62  8:42  Photon Cannon  
  62  8:53  Photon Cannon  
  62  9:10  Zealot  
  62  9:11  Zealot  
  26  11:34  Protoss Ground Weapons Level 1  
  26  11:47  Zealot  
  26  11:49  Zealot  
  30  11:50  Zealot  
  30  11:54  Zealot  
  30  11:55  Zealot x4  
  30  11:56  Zealot  
  44  12:17  Pylon  
  44  12:25  Cybernetics Core  
  44  12:28  Probe (Chrono Boost)  
  45  12:34  Zealot  
  45  12:35  Zealot  
  45  12:36  Zealot  
  51  12:41  Probe (Chrono Boost)  
  51  12:47  Zealot  
  51  12:48  Zealot  
  51  12:49  Zealot  
  58  12:50  Zealot  
  58  12:51  Zealot  
  58  12:53  Zealot  
  64  13:15  Zealot  
  66  13:20  Dragoon  
  68  13:33  Dragoon  
  68  13:34  Dragoon  
  72  13:57  Zealot  
  72  13:58  Zealot x2  
  78  14:00  Zealot  
  80  14:14  Protoss Ground Armor Level 1  
  28  15:34  Zealot  
  28  15:35  Zealot x2  
  28  15:36  Zealot x2  
  28  15:37  Zealot x3  
  28  15:38  Zealot x2  
  28  15:39  Zealot x2  
  52  16:27  Robotics Facility  
  52  16:33  Stargate  
  52  16:45  Zealot  
  52  16:46  Zealot x4  
  52  16:47  Zealot x2  
  66  17:19  Zealot  
  68  17:20  Zealot x2  
  68  17:21  Zealot  
  74  17:38  Phoenix  
  76  17:55  Gateway  
  76  18:05  Gateway  
  76  18:29  Zealot x2  
  80  18:30  Zealot x2  
  84  18:42  Zealot  
  86  18:58  Zealot x2  
  90  19:23  Zealot  
  90  19:24  Zealot x2  
  28  20:43  Zealot  
  28  20:46  Zealot  
  28  20:47  Zealot  
  28  20:48  Zealot  
  28  20:49  Zealot x2  
  40  20:50  Zealot  
  40  20:51  Zealot  
  40  20:52  Zealot  
  40  20:53  Zealot  
  48  21:01  Zealot  
  48  21:03  Zealot  
  52  21:44  Dragoon  
  52  21:47  Dragoon  
  56  22:16  Zealot  
  56  22:18  Zealot x2  
  56  22:19  Zealot  
  64  22:20  Zealot  
  64  22:21  Zealot  
  64  22:22  Zealot  
  70  23:27  Zealot  
  70  23:28  Zealot  
  70  23:29  Zealot  
  76  23:30  Zealot  
  76  23:31  Zealot  
  76  23:32  Zealot  
  76  23:33  Zealot  
  76  23:34  Zealot  
  76  23:39  Zealot  
  88  23:56  Zealot  
  88  23:58  Zealot  
  92  24:04  Zealot  
  94  24:16  Zealot  
  96  24:20  Zealot  
  98  24:32  Zealot  
  98  24:37  Zealot  
  102  24:50  Zealot  
  102  24:53  Zealot  
  106  25:04  Zealot  
Show
View Real Time Build Order
Export as new Build Order

NamroodTuo Terran 

Build Orders:  

Get SALT Encoding   

  12  0:02  SCV  
  13  0:24  Supply Depot  
  13  0:36  SCV  
  14  0:50  SCV  
  15  1:04  SCV  
  16  1:12  Factory  
  16  1:17  SCV  
  17  1:31  SCV  
  18  1:44  SCV  
  18  1:45  Perdition Turret  
  19  1:55  Perdition Turret  
  19  1:58  SCV  
  20  2:11  SCV  
  20  2:15  Supply Depot  
  21  2:25  SCV  
  22  2:38  SCV  
  23  2:42  Devastation Turret  
  23  2:52  SCV  
  23  2:55  Devastation Turret  
  24  3:06  SCV  
  25  3:19  SCV  
  25  3:20  Devastation Turret  
  26  3:38  Perdition Turret  
  26  3:49  Perdition Turret  
  26  4:01  Perdition Turret  
  26  4:11  Devastation Turret  
  26  4:18  SCV  
  27  4:23  Devastation Turret  
  27  4:24  Devastation Turret  
  27  4:30  Refinery  
  27  4:33  SCV  
  27  4:35  Refinery  
  28  4:53  Devastation Turret  
  28  5:57  Devastation Turret  
  28  6:01  Devastation Turret  
  28  6:05  SCV  
  29  6:13  Devastation Turret  
  29  6:19  SCV  
  30  6:32  SCV  
  31  6:53  Armory, Engineering Bay  
  31  6:57  Supply Depot  
  31  7:18  SCV  
  32  7:21  Supply Depot  
  32  7:32  SCV  
  33  7:42  Upgrade Laser Drill Level 1  
  33  7:45  SCV, Fire-Suppression Systems  
  34  7:59  SCV  
  35  8:07  Factory Tech Reactor  
  35  8:12  SCV  
  36  8:25  Spinning Dizzy  
  36  8:26  SCV  
  36  8:28  Spinning Dizzy  
  37  8:39  Perdition Turret  
  37  8:40  Devastation Turret  
  37  8:42  Devastation Turret  
  37  9:03  Perdition Turret  
  37  9:15  Supply Depot  
  37  9:36  Supply Depot  
  37  9:41  Factory  
  37  9:50  Thor  
  37  9:59  Supply Depot  
  43  10:17  KMC Auto-Loaders  
  43  10:19  Starport  
  43  10:48  Supply Depot  
  43  10:55  Factory Tech Reactor  
  43  11:04  Starport Tech Reactor  
  43  11:08  Supply Depot  
  43  11:09  Regenerative Bio-Steel  
  43  11:47  Structure Armor  
  43  11:49  SCV  
  44  12:02  SCV  
  45  12:16  SCV, Perdition Turret  
  46  12:30  Thor  
  46  12:36  Spinning Dizzy  
  46  12:39  Spinning Dizzy, Advanced Optics  
  52  12:47  Hi-Sec Auto Tracking, Science Vessel  
  54  13:02  Spinning Dizzy  
  54  13:28  Devastation Turret  
  54  13:29  Devastation Turret  
  54  13:30  Devastation Turret  
  54  13:31  Devastation Turret  
  54  13:59  Devastation Turret  
  54  14:25  Thor  
  54  14:26  Thor  
  66  15:36  Thor  
  72  15:49  Science Vessel  
  74  16:45  Command Center  
  40  19:32  SCV  
  41  19:40  Perdition Turret x2  
  41  19:41  Perdition Turret  
  41  19:46  SCV  
  41  19:47  Refinery  
  42  19:50  Refinery  
  42  19:59  SCV  
  42  20:01  Upgrade Laser Drill Level 2  
  42  20:04  Terran Vehicle and Ship Weapons Level 1  
  43  20:13  SCV  
  44  20:26  SCV  
  45  20:53  Thor  
  45  20:54  Thor x2  
  63  21:05  SCV  
  64  21:18  SCV  
  65  21:32  SCV  
  65  21:34  Devastation Turret  
  65  21:35  Devastation Turret  
  65  21:36  Devastation Turret  
  66  21:40  Devastation Turret  
  66  21:46  SCV  
  66  21:47  Thor x2  
  79  21:55  Thor  
  79  21:59  SCV  
  85  22:06  Spinning Dizzy  
  85  22:07  Spinning Dizzy  
  86  22:10  Spinning Dizzy  
  86  22:11  Devastation Turret  
  86  22:13  SCV  
  86  22:14  Science Vessel  
  89  22:26  SCV  
  90  22:44  Terran Vehicle And Ship Armor Level 1  
  90  22:47  SCV  
  91  22:53  Thor  
  91  22:59  Science Vessel  
  99  23:01  SCV  
  100  23:15  SCV  
  101  23:28  SCV  
  102  23:38  Supply Depot  
  102  23:40  Supply Depot  
  102  23:52  SCV  
  102  23:53  Supply Depot  
  102  24:55  SCV  
  103  25:07  Devastation Turret  
  103  25:08  SCV  
  104  25:21  Devastation Turret  
  104  25:22  SCV  
  105  25:35  SCV  
  105  25:38  Devastation Turret  
  106  25:43  Devastation Turret  
  106  25:46  Devastation Turret  
  106  25:49  SCV  
  105  26:10  Devastation Turret  
  105  26:16  Devastation Turret  
Tags
 
Commander
ArtanisSwann
Matchup
Co-op
Replay Pack
Multiplayer
Add a new tag
Caveats
  • Supply blocks, unpowered buildings, or Contaminate may cause inaccurate times.
  • Supply counts are checked every 10 seconds.